 Dungeon Crawl Stone Soup version 0.20.1-1-g8b1a95d (webtiles) character file.

46 Linguinho the Sneak (level 3, 0/27 HPs)
             Began as a Demonspawn Assassin on Oct 30, 2017.
             Succumbed to an adder's poison
             ... on level 1 of the Dungeon.
             The game lasted 00:03:19 (1639 turns).

Linguinho the Sneak (Demonspawn Assassin)           Turns: 1639, Time: 00:03:19

Health: 0/27       AC:  4    Str: 12    XL:     3   Next: 44%
Magic:  3/3        EV: 12    Int: 17    God:
Gold:   23         SH:  0    Dex: 14    Spells: 2/2 levels left

rFire    . . .     SeeInvis .   a - +2 dagger
rCold    . . .     Gourm    .   (no shield)
rNeg     . . .     Faith    .   c - +0 robe
rPois    .         Spirit   .   (no helmet)
rElec    .         Reflect  .   p - scarf {repulsion}
rCorr    .         Harm     .   (no gloves)
MR       .....                  (no boots)
Stlth    +++.......             (no amulet)
Regen    0.1/turn               (no ring)
MPRegen  0.1/turn               (no ring)

@: brilliant, lethally poisoned (0 -> -7), repel missiles
A: talons 1, icy blue scales 1
a: no special abilities


You were on level 1 of the Dungeon.
You were not hungry.

You visited 1 branch of the dungeon, and saw 2 of its levels.

You collected 23 gold pieces.

Inventory:

Hand Weapons
 a - a +2 dagger (weapon)
 b - a +0 blowgun
Missiles
 e - 8 poisoned needles
 f - 2 curare-tipped needles
Armour
 c - a +0 robe (worn)
 d - a +0 cloak
 p - a scarf of repulsion (worn)
Scrolls
 k - 2 scrolls of identify {unknown}
 l - a scroll of magic mapping {unknown}
 n - a scroll of noise {unknown}
Potions
 j - a potion of magic {unknown}
 m - a potion of mutation {unknown}
 o - a potion of heal wounds {unknown}
Comestibles
 h - a royal jelly


   Skills:
 + Level 2.2 Fighting
 + Level 2.2 Short Blades
 - Level 1.7 Throwing
 * Level 0.8 Armour
 + Level 1.2 Dodging
 + Level 4.2 Stealth


You had 2 spell levels left.
You didn't know any spells.

Dungeon Overview and Level Annotations

Branches:
Dungeon (2/15)

Altars:
The Shining One


Innate Abilities, Weirdness & Mutations

You have sharp toenails.
You are partially covered in icy blue scales. (AC +2)


Message History

The adder closely misses you.
You hit the adder. Your kick misses the adder.
The adder is heavily wounded.
The adder bites you.
* * * LOW HITPOINT WARNING * * *
You are lethally poisoned!
The adder poisons you!
You hit the adder. You claw the adder, but do no damage.
The adder is severely wounded.
* * * LOW HITPOINT WARNING * * *
You feel sick. The adder bites you.
* * * LOW HITPOINT WARNING * * *
You are more poisoned.
The adder poisons you!
You hit the adder.
You kill the adder!
Okay, then.
It was a potion of brilliance.
You feel clever all of a sudden.
You die...

##....(..#.# #.#
.....(.#+#.# #.#
(.####.....####### #.#
.................# #.#
..#.......######.# #)#
..#..............# #.#
#.#.......##########.#
#.#.............†....#
................@#####
..#.......########
(..######.#
##.(..).#.#
...####.#.#
..###...#.# ..#
#.###.##### ..# #.#
#.....# ..###.#
#...#)#


There were no monsters in sight!

Vanquished Creatures
  An adder (D:1)
  2 worms (D:2)
  A dart slug (D:1)
  4 bats (D:1)
  A giant cockroach (D:1)
  3 goblins (D:1)
  6 hobgoblins (D:1)
  4 kobolds
  3 frilled lizards (D:1)
  3 rats (D:1)
28 creatures vanquished.

Notes
Turn   | Place    | Note
-------+----------+-------------------------------------------
     0 | D:1      | Linguinho the Demonspawn Assassin began the quest for the Orb.
     0 | D:1      | Reached XP level 1. HP: 16/16 MP: 1/1
    36 | D:1      | Found a glowing golden altar of the Shining One.
   450 | D:1      | Gained mutation: You are partially covered in icy blue scales. (AC +2) [demonic ancestry]
   450 | D:1      | Reached XP level 2. HP: 22/22 MP: 2/2
   505 | D:1      | Reached skill level 4 in Stealth
   554 | D:1      | Reached skill level 1 in Dodging
  1307 | D:1      | Gained mutation: You have sharp toenails. [demonic ancestry]
  1307 | D:1      | Reached XP level 3. HP: 25/27 MP: 3/3
  1637 | D:1      | HP: 1/27 [adder (2)]
  1639 | D:1      | Succumbed to an adder's poison

Skill      XL: |  1  2 |
---------------+-------+-----
Short Blades   | 2 |  2.2
Stealth        | 4 |  4.2
Dodging        | 1 |  1.2
Fighting       | |  2.2
Throwing       | |  1.7
Armour         | |  0.8

Action                   || total
-------------------------++-------
Melee: Dagger            ||   130
       Kick              ||    12
  Use: Potion            ||     1
 Stab: Sleeping          ||     2
  Eat: Bread ration      ||     1
Armor: Robe              ||    62
Dodge: Dodged            ||    98
